 Dungeon Crawl Stone Soup version 0.29-a0-834-g1e95ca9f62 (webtiles) character file.

Game seed: 2607799343971341453

63 LynnLen the Sneak (level 3, -1/20 HPs)
             Began as a Vampire Enchanter on July 13, 2022.
             Slain by a goblin
             ... wielding a +2 dagger of speed
             ... led by Robin
              (5 damage)
             ... on level 3 of the Dungeon.
             The game lasted 00:06:31 (2143 turns).

LynnLen the Sneak (Vampire Enchanter)               Turns: 2143, Time: 00:06:31

Health: -1/20      AC:  4    Str:  7    XL:     3   Next: 89%
Magic:  6/6        EV: 12    Int: 17    God:
Gold:   160        SH:  0    Dex: 16    Spells: 0/6 levels left

rFire   . . .      SeeInvis +   a - +1 dagger
rCold   + + .      Faith    .   (no shield)
rNeg    + + +      Spirit   .   e - +0 leather armour
rPois   ∞          Reflect  .   (no helmet)
rElec   .          Harm     .   (no cloak)
rCorr   .          Rampage  .   n - +0 pair of gloves
Will    .....                   (no boots)
Stlth   +++.......              (no amulet)
HPRegen 0.00/turn               (no ring)
MPRegen 0.10/turn               (no ring)

@: confused, ambrosia-drunk, bloodless, inhibited regen
A: bloodless, fangs 3, see invisible, vampiric 2
a: Bat Form, Revivify


You were on level 3 of the Dungeon.
You visited 1 branch of the dungeon, and saw 3 of its levels.

You collected 160 gold pieces.

Inventory:

Hand Weapons
 a - a +1 dagger (weapon)
Missiles
 g - 20 stones (quivered)
 m - 2 javelins
Armour
 e - a +0 leather armour (worn)
 n - a +0 pair of gloves (worn)
Scrolls
 f - 3 scrolls of identify
 h - a scroll of teleportation
 j - a scroll of poison
Potions
 b - a potion of curing {unknown}
 c - a potion of invisibility
 d - 2 potions of attraction


   Skills:
 * Level 0.9 Fighting
 * Level 2.6 Short Blades
 + Level 2.3 Dodging
 + Level 6.0 Stealth
 - Level 2.0 Spellcasting
 - Level 4.4 Hexes


You couldn't memorise any spells.
You knew the following spells:

 Your Spells              Type           Power      Damage    Failure   Level
a - Confusing Touch       Hex            16%        N/A       14%         3
b - Tukima's Dance        Hex            16%        N/A       14%         3

Your spell library contained the following spells:

 Spells                   Type           Power      Damage    Failure   Level
 Ensorcelled Hibernation  Hex/Ice        18%        N/A       19%         2
 Dazzling Flash           Conj/Hex       18%        N/A       34%         3
 Iskenderun's Mystic Bla  Conj/Tloc      1%         2d3       96%         4
 Starburst                Conj/Fire      0%         6d3       100%        6


Dungeon Overview and Level Annotations

Branches:
Dungeon (3/15)

Altars:

Shops:
D:2 :

Annotations:
D:2 1 runed translucent door, Crazy Yiuf, Robin


Innate Abilities, Weirdness & Mutations

You do not regenerate when monsters are visible.
You are frail without blood (-20% HP).
You can heal yourself when you bite living creatures.
You are immune to poison.
You have razor-sharp teeth.
You have supernaturally acute eyesight. (SInv)
You are afflicted with vampirism and can become a bat while bloodless.


Message History

Robin roars a battlecry!
Things that are here:
a +0 dagger; a goblin corpse A goblin comes into view.
It is wielding a +0 club.
There is a stone staircase leading down here.
Robin throws the goblin at you!
The goblin shouts!
Robin throws the goblin at you!
There is a stone staircase leading down here.
The goblin hits you but does no damage. The goblin closely misses you.
You climb downwards.
There is a stone staircase leading up here.
Things that are here:
a +0 club; a goblin skeleton You hit the goblin.
Your bite misses the goblin.
The goblin is severely wounded.
The goblin hits you with a +2 dagger of speed.
The goblin barely misses you. The goblin misses you.
You hit the goblin.
You kill the goblin!
The goblin hits you with a +2 dagger of speed!
Your Stealth skill increases to level 6!
The goblin closely misses you.
Things that are here:
a +0 club; 11 gold pieces You hit the goblin.
The goblin is severely wounded.
The goblin closely misses you. x2
You hit the goblin.
The goblin is severely wounded.
The goblin hits you with a +2 dagger of speed.
* * * LOW HITPOINT WARNING * * *
You closely miss the goblin. Your bite misses the goblin.
The goblin is severely wounded.
The goblin hits you with a +2 dagger of speed.
* * * LOW HITPOINT WARNING * * *
You are confused.
You feel invigorated. The goblin closely misses you.
The goblin hits you with a +2 dagger of speed.
You die...

... ..#
#.# # #.#
#.###.#
#.....#
.###.##..#
(......)<#
.......g@+
###...#÷##
##.##.# ##
#.# ..#
###


You could see a goblin (strong).

Vanquished Creatures
  An adder (D:2)
  2 worms (D:2)
  5 endoplasms
  A giant cockroach (D:1)
  10 goblins
  4 hobgoblins
  6 kobolds
  A quokka (D:3)
  4 ball pythons
  4 bats (D:1)
  A frilled lizard (D:1)
  3 rats
42 creatures vanquished.

Notes
Turn   | Place    | Note
-------+----------+-------------------------------------------
     0 | D:1      | LynnLen the Vampire Enchanter began the quest for the Orb.
     0 | D:1      | Reached XP level 1. HP: 13/13 MP: 3/3
   117 | D:1      | Found a faded altar of an unknown god.
   170 | D:1      | Reached XP level 2. HP: 14/16 MP: 5/5
   310 | D:1      | Reached skill level 5 in Stealth
   924 | D:2      | Gained mutation: You are afflicted with vampirism and can
                  | become a bat while bloodless. [Vampire growth]
   924 | D:2      | Reached XP level 3. HP: 20/20 MP: 6/6
   935 | D:2      | Learned a level 3 spell: Confusing Touch
   939 | D:2      | Learned a level 3 spell: Tukima's Dance
  1074 | D:2      | Found Paentuat's Book Emporium.
  1232 | D:2      | HP: 1/20 [worm (8)]
  1689 | D:2      | Found a runed translucent door.
  1690 | D:2      | Noticed Crazy Yiuf
  1724 | D:2      | Noticed Robin
  2139 | D:3      | Reached skill level 6 in Stealth
  2142 | D:3      | HP: 1/20 [goblin/+2 dagger of speed[Robin] (5)]
  2143 | D:3      | Slain by a goblin

Illustrated notes

Levels and vault maps discovered:
D:1:      psy_arrival_conway, layout_rooms,
          ebering_ecumenical_altar_sacrificial, serial_rivers,
          chequers_serial_rivers_marsh, chequers_serial_rivers_micro_b,
          chequers_serial_rivers_marsh, chequers_serial_rivers_micro_a,
          chequers_serial_rivers_large_a, chequers_serial_rivers_small_3
D:2:      layout_rooms, serial_shops, nicolae_shop_advertising_works
          [nicolae_subvault_shop_adworks], uniq_robin, uniq_crazy_yiuf_cottage
D:3:      layout_loops_corners, nrook_campfire

Skill      XL: |  1  2  3 |
---------------+----------+-----
Stealth        | 5 6 |  6.0
Short Blades   | 2 |  2.6
Fighting       | |  0.9
Dodging        | |  2.3
Spellcasting   | |  2.0
Hexes          | |  4.4

Action                   || total
-------------------------++-------
Melee: Dagger            ||   116
       Bite              ||    12
 Abil: Exsanguinate      ||     1
  Use: Scroll            ||     5
       Potion            ||     2
 Stab: Sleeping          ||    17
Armor: Leather armour    ||    31
Dodge: Dodged            ||    66

Table legend: (Time is in decaauts)
 A = Elapsed time spent in this place.
 B = Non-inter-level travel time spent in this place.
 C = Inter-level travel time spent in this place.
 D = Time resting spent in this place.
 E = Time spent auto-exploring this place.
 F = Levels seen in this place.
 G = Mean time per level.
                   A        B        C        D        E       F      G
               +--------+--------+--------+--------+--------+-----+--------+
         Total |   2165 |   2149 |     16 |    627 |    702 |   3 |  721.7 |
       Dungeon |   2165 |   2149 |     16 |    627 |    702 |   3 |  721.7 |
               +--------+--------+--------+--------+--------+-----+--------+

Top non-repeatable levels by time:
     D:1: 1207 daAuts
     D:2: 568 daAuts
     D:3: 389 daAuts
